 Dungeon Crawl Stone Soup version 0.31-a0-200-gbc41564c69 (webtiles) character file.

Game seed: 15569116742315820691

43 qw the Shooter (level 3, 0/20 HPs)
             Began as a Deep Elf Hunter on June 25, 2023.
             Slain by a cerulean imp
             ... wielding a +1 spear
             ... summoned by Natasha
              (4 damage)
             ... on level 3 of the Dungeon.
             The game lasted 00:00:29 (1120 turns).

qw the Shooter (Deep Elf Hunter)                    Turns: 1120, Time: 00:00:30

Health: 0/20       AC:  3    Str: 10    XL:     3   Next: 37%
Magic:  4/4        EV: 12    Int: 13    God:
Gold:   111        SH:  0    Dex: 18    Spells: 2/2 levels left

rFire   . . .        Y - +0 shortbow
rCold   . . .        (shield currently unavailable)
rNeg    . . .        c - +0 leather armour
rPois   +            (helmet restricted)
rElec   .            (no cloak)
rCorr   +            (no gloves)
SInv    .            (no boots)
Will    .....        (no amulet)
Stlth   ++           d - ring of resist corrosion
HPRegen 0.23/turn    (no ring)
MPRegen 0.09/turn

%: no passive effects
@: no status effects
A: antennae 1, low MP 1, poison resistance
a: no special abilities


You were on level 3 of the Dungeon.
You visited 1 branch of the dungeon, and saw 3 of its levels.

You collected 111 gold pieces.


Innate Abilities, Weirdness & Mutations

You have a pair of small antennae on your head.
Your magical capacity is low. (-10% MP)
Your system is resistant to poisons. (rPois)


   Skills:
 - Level 1.5 Fighting
 + Level 6.9 Ranged Weapons
 - Level 2.4 Dodging
 - Level 1.2 Stealth


You had 2 spell levels left.
You didn't know any spells.
Your spell library was empty.

Inventory:

Hand Weapons
 Y - a +0 shortbow (weapon)
Armour
 c - a +0 leather armour (worn)
Jewellery
 d - a ring of resist corrosion (left hand)
 i - a ring of fire
Scrolls
 f - a scroll of identify
Potions
 a - a potion of ambrosia {unknown}
 b - a potion of cancellation {unknown}
 g - a potion of curing
 h - a potion of mutation

Dungeon Overview and Level Annotations

Branches:
Dungeon (3/15)

Altars:

Annotations:
D:3 Natasha


Message History

Natasha casts a spell.
The cerulean imp completely misses you. The cerulean imp barely misses you.
You shoot an arrow. The arrow hits the cerulean imp.
The cerulean imp is moderately wounded.
The cerulean imp hits you from afar with a +1 spear.
The cerulean imp hits you but does no damage.
You shoot an arrow. The arrow closely misses Natasha.
The arrow barely misses the cerulean imp.
The arrow misses the cerulean imp.
The cerulean imp hits you but does no damage.
Natasha barely misses you. The cerulean imp completely misses you.
You shoot an arrow. The arrow closely misses Natasha.
The arrow closely misses the cerulean imp.
The arrow hits the cerulean imp.
The cerulean imp is moderately wounded.
The cerulean imp barely misses you.
Natasha wildly gestures.
You feel troubled. Natasha closely misses you.
The cerulean imp barely misses you. The cerulean imp closely misses you.
The cerulean imp hits you from afar with a +1 spear.
You shoot an arrow. The arrow hits Natasha.
Natasha is heavily wounded.
Natasha claws you.
The cerulean imp hits you but does no damage.
The cerulean imp hits you from afar with a +2 spear.
The cerulean imp hits you from afar with a +1 spear.
You shoot an arrow. The arrow misses Natasha.
The arrow hits the cerulean imp.
The cerulean imp is heavily wounded.
Natasha completely misses you.
The cerulean imp hits you but does no damage.
The cerulean imp closely misses you.
The cerulean imp hits you but does no damage.
You shoot an arrow.
The arrow hits Natasha but does no damage.
Natasha is heavily wounded.
Natasha claws you. The cerulean imp completely misses you.
The cerulean imp barely misses you.
The cerulean imp hits you from afar with a +1 spear.
You die...

#.##.# #.# #.##.# #.#
.# #.##.# #^# .#
#.##.# #.# ..#
####.##.# #.###..###
.......<#####.........
####...........#...##.
####.######..5.....
#.......@h5.....
########..5.....
###...... ...##. ###


You could see Natasha and 3 cerulean imps.

Vanquished Creatures
  An orc (D:3)
  4 endoplasms
  6 goblins
  8 hobgoblins
  3 kobolds (D:1)
  3 quokkas
  2 ball pythons (D:2)
  3 bats (D:1)
  2 frilled lizards (D:1)
  4 rats
36 creatures vanquished.

Notes
Turn   | Place    | Note
-------+----------+-------------------------------------------
     0 | D:1      | qw the Deep Elf Hunter began the quest for the Orb.
     0 | D:1      | Reached XP level 1. HP: 12/12 MP: 3/3
     0 | D:1      | 0 ||| qw: Version: 0.3-a-22-g0ed2b0b
     0 | D:1      | 0 ||| qw: Game counter: 5672
     0 | D:1      | 0 ||| qw: Melee chars always use a shield: true
     0 | D:1      | 0 ||| qw: God list: Okawaru
     0 | D:1      | 0 ||| qw: Allow faded altars: false
     0 | D:1      | 0 ||| qw: Do Orc after clearing Dungeon:15 true
     0 | D:1      | 0 ||| qw: Do second Lair branch before Depths: true
     0 | D:1      | 0 ||| qw: Lair rune preference: random
     0 | D:1      | 0 ||| qw: Goals: Normal
     0 | D:1      | 0 ||| PLANNING D:1-11
   223 | D:1      | Reached skill level 6 in Ranged Weapons
   223 | D:1      | Reached XP level 2. HP: 16/16 MP: 4/4
   471 | D:1      | Found a faded altar of an unknown god.
   537 | D:1      | Reached XP level 3. HP: 20/20 MP: 5/5
   547 | D:1      | 547 ||| UPGRADING to ring of resist corrosion.
   548 | D:1      | 548 ||| READING scroll labelled GUMI GYELAMN.
   549 | D:1      | 549 ||| READING 2 scrolls labelled UHUBAR VUILUOCH.
   550 | D:1      | 550 ||| READING scroll labelled XUEXKE UVUVAOX.
   551 | D:1      | 551 ||| DROPPING scroll of butterflies.
   553 | D:1      | 553 ||| Stepping ~*~*~tactically~*~*~ (cloud).
   974 | D:2      | 974 ||| READING scroll labelled PICIFRARIM.
   975 | D:2      | 975 ||| DRINKING 2 fuming pink potions.
   976 | D:2      | 976 ||| DRINKING 2 white potions.
   976 | D:2      | Gained mutation: Your magical capacity is low. (-10% MP)
                  | [potion of mutation]
   976 | D:2      | Gained mutation: You have a pair of small antennae on your
                  | head. [potion of mutation]
   976 | D:2      | Gained mutation: Your system is resistant to poisons.
                  | (rPois) [potion of mutation]
   977 | D:2      | 977 ||| READING 2 scrolls of identify.
   977 | D:2      | 977 ||| IDENTIFYING brown potion
   978 | D:2      | 978 ||| DROPPING potion of degeneration.
  1108 | D:3      | Noticed Natasha
  1118 | D:3      | HP: 5/20 [cerulean imp/+1 spear[Natasha] (4)]
  1120 | D:3      | Slain by a cerulean imp

Levels and vault maps discovered:
D:1:      lightli_arrival_maybe_door_vault, layout_basic,
          shapermc_ecumenical_altar_mp_ritualfount, skrybe_limestone_x,
          minmay_misc_feat_tower, minmay_misc_feat_doors,
          dreamdust_princess_corridor
D:2:      layout_basic
D:3:      layout_loops_ring, grunt_temple_overflow_champion_of_chaos,
          evilmike_ruin_ashenzari, uniq_natasha

Skill      XL: |  1 |
---------------+----+-----
Ranged Weapons | 6 |  6.9
Fighting       | |  1.5
Dodging        | |  2.4
Stealth        | |  1.2

Action                     || total
---------------------------++-------
   Fire: Shortbow          ||    97
    Use: Scroll            ||     5
         Potion            ||     2
 Armour: Leather armour    ||    10
  Dodge: Dodged            ||    25

Table legend:
 A = Non-vault XP
 B = Vault XP
 C = Vault XP percentage of total XP
 D = Non-vault monster count
 E = Vault monster count
 F = Vault count percentage of total count
                 A         B        C        D         E       F
            +---------+---------+-------+---------+---------+-------
      Total |      62 |       0 |   0.0 |      36 |       0 |   0.0
            +---------+---------+-------+---------+---------+-------
        D:1 |      43 |       0 |   0.0 |      26 |       0 |   0.0
        D:2 |      16 |       0 |   0.0 |       9 |       0 |   0.0
        D:3 |       3 |       0 |   0.0 |       1 |       0 |   0.0
            +---------+---------+-------+---------+---------+-------
